 Dungeon Crawl Stone Soup version 0.20.0-4-g10b340a (webtiles) character file.

277 mopl the Covert (level 6, -1/52 HPs)
             Began as a Naga Assassin on May 27, 2017.
             Slain by an orc
             ... wielding a +0 falchion
              (8 damage)
             ... on level 3 of the Dungeon.
             The game lasted 00:05:12 (3396 turns).

mopl the Covert (Naga Assassin)                     Turns: 3396, Time: 00:05:13

Health: -1/52      AC:  5    Str: 13    XL:     6   Next: 25%
Magic:  6/6        EV:  9    Int: 12    God:
Gold:   108        SH:  0    Dex: 14    Spells: 3/5 levels left

rFire    . . .     SeeInvis +   a - +2 dagger
rCold    . . .     Gourm    .   (no shield)
rNeg     . . .     Faith    .   c - +0 robe
rPois    +         Spirit   .   (no helmet)
rElec    .         Reflect  .   d - +0 cloak
rCorr    .         Harm     .   m - +0 pair of gloves
MR       .....                  (no barding)
Stlth    ++++......             (no amulet)
Regen    0.2/turn               (no ring)
MPRegen  0.1/turn               (no ring)

@: very slow
A: see invisible, deformed body, poison resistance, slowness 2, slow metabolism
1, spit poison 1, AC +2
a: Spit Poison


You were on level 3 of the Dungeon.
You were very hungry.

You visited 1 branch of the dungeon, and saw 4 of its levels.

You collected 108 gold pieces.

Inventory:

Hand Weapons
 a - a +2 dagger (weapon)
 b - a +0 blowgun
 D - a +0 falchion
Missiles
 e - 12 poisoned needles
 f - 2 curare-tipped needles
 A - 4 tomahawks (quivered)
Armour
 c - a +0 robe (worn)
 d - a +0 cloak (worn)
 m - a +0 pair of gloves (worn)
Wands
 u - a wand of iceblast (4/15)
Scrolls
 l - 2 scrolls of magic mapping {unknown}
 p - 3 scrolls of identify {unknown}
 r - 2 scrolls of remove curse {unknown}
 s - a scroll of fog {unknown}
 t - a scroll of recharging {unknown}
 z - a scroll of enchant weapon {unknown}
 B - a scroll of random uselessness {unknown}
 C - a scroll of enchant armour {unknown}
 E - a scroll of amnesia {unknown}
 F - a scroll of immolation {unknown}
Potions
 j - 2 potions of lignification {unknown}
 k - a potion of resistance {unknown}
 o - 2 potions of degeneration {unknown}
 q - 4 potions of heal wounds {unknown}
 v - 2 potions of flight {unknown}
 w - a potion of curing {unknown}
 x - 2 potions of agility {unknown}
Books
 y - a book of Minor Magic

   Spells                             Type                      Level
   a - Magic Dart                     Conjuration                  1
   b - Blink                          Translocation                2
   c - Call Imp                       Summoning                    2
   d - Slow                           Hexes                        2
   e - Conjure Flame                  Conjuration/Fire             3
   f - Mephitic Cloud                 Conjuration/Poison/Air       3
Comestibles
 g - a bread ration
 h - 4 fruits
 i - a royal jelly
 n - 4 meat rations


   Skills:
 - Level 2.0 Fighting
 + Level 3.4 Short Blades
 + Level 3.3 Throwing
 - Level 0.7 Dodging
 * Level 8.9 Stealth


You had 3 spell levels left.
You knew the following spells:

 Your Spells              Type           Power        Failure   Level  Hunger
e - Blink                 Tloc           N/A          45%         2    ###....


Dungeon Overview and Level Annotations

Branches:
Dungeon (4/15)
 Temple: D:4-7

Altars:
Xom

Annotations:
D:3 Sigmund
D:4 mopl's ghost, amateur MiWn


Innate Abilities, Weirdness & Mutations

You cannot wear boots.
Your serpentine skin is tough. (AC +2)
You have supernaturally acute eyesight. (SInv)
Armour fits poorly on your strangely shaped body.
Your system is resistant to poisons. (rPois)
You cover ground very slowly.
You have a slow metabolism.
You can spit poison.


Message History

The orc hits you with a falchion.
* * * LOW HITPOINT WARNING * * *
You hit the orc.
The orc is heavily wounded.
The orc hits you but does no damage.
You closely miss the orc.
The orc is heavily wounded.
The orc closely misses you.
You closely miss the orc.
The orc is heavily wounded.
You have got your breath back.
You hit the orc but do no damage.
The orc is heavily wounded.
The orc hits you with a falchion.
* * * LOW HITPOINT WARNING * * *
The crimson imp blinks!
You hit the orc.
The orc is severely wounded.
The orc hits you with a falchion!
You die...

.......###...###.#####.#.....#...
....#+##.†.#...#.# #...........
###.#.##.#.#...#.#######.....##..
.............................##..
###.#......###.#.#.....#.#+#.....
###.##.........#.........#.#....#
#.........#.#..#.........#.####.#
#.........#.#.###..#####...## #.#
#..........5.)§o@..#.#.##...# #.#
#.........###.####.#.#.##...###.#
..####.............#...#........#
######.####........+._.'/##..##.#
.......# #........#...#####.##.#
..###### #........#.#.# #..#.#
..# #.5.(....#.#.# ##.#.# .##
#......).##### #...# .#
#...........# ##...


You could see a crimson imp and an orc.

Vanquished Creatures
  An ogre (D:4)
  An iguana (D:4)
  6 adders
  3 gnolls
  2 oozes
  A worm (D:2)
  3 dart slugs (D:2)
  2 leopard geckos
  4 orcs
  5 ball pythons
  3 bats
  3 giant cockroaches
  5 goblins
  7 hobgoblins
  2 jackals (D:2)
  6 kobolds
  2 quokkas
  2 frilled lizards (D:2)
  A quokka skeleton (D:4)
  3 rats
62 creatures vanquished.

Notes
Turn   | Place    | Note
-------+----------+-------------------------------------------
     0 | D:1      | mopl the Naga Assassin began the quest for the Orb.
     0 | D:1      | Reached XP level 1. HP: 19/19 MP: 1/1
    30 | D:1      | Reached skill level 6 in Stealth
   365 | D:1      | Reached skill level 2 in Throwing
   371 | D:1      | Reached XP level 2. HP: 18/26 MP: 2/2
   784 | D:2      | Reached XP level 3. HP: 21/32 MP: 3/3
   878 | D:2      | Reached skill level 7 in Stealth
  1086 | D:2      | Reached XP level 4. HP: 33/39 MP: 4/4
  1803 | D:2      | Reached XP level 5. HP: 23/45 MP: 5/5
  1955 | D:3      | Reached skill level 8 in Stealth
  2360 | D:3      | Found a shimmering altar of Xom.
  2405 | D:4      | Noticed mopl's ghost (amateur MiWn)
  2439 | D:3      | Noticed Sigmund
  2444 | D:4      | Reached skill level 3 in Throwing
  2447 | D:4      | Reached skill level 3 in Short Blades
  2464 | D:4      | HP: 2/45 [orc/trident (6)]
  2727 | D:4      | Learned a level 2 spell: Blink
  2853 | D:4      | Noticed an ogre
  2867 | D:4      | Killed an ogre
  2867 | D:4      | Reached XP level 6. HP: 26/52 MP: 6/6
  3396 | D:3      | Slain by an orc

Skill      XL: |  1  2  3  4  5 |
---------------+----------------+-----
Stealth        | 6 7 8 |  8.9
Throwing       | 2 3 |  3.3
Short Blades   | 3 |  3.4
Fighting       | |  2.0
Dodging        | |  0.7

Action                   |  1- 3 |  4- 6 || total
-------------------------+-------+-------++-------
Melee: Dagger            |    66 |   232 ||   298
 Fire: Blowgun           |       |     8 ||     8
 Abil: Spit Poison       |     9 |    19 ||    28
 Stab: Sleeping          |     5 |    10 ||    15
  Eat: Chunk             |       |     6 ||     6
Armor: Robe              |    21 |    68 ||    89
Dodge: Dodged            |    22 |    97 ||   119
